 Dungeon Crawl Stone Soup version 0.29-a0-322-g68df515428 (webtiles) character file.

Game seed: 4448772742669483124

93 Antichthon the Sneak (level 4, 0/20 HPs)
             Began as a Spriggan Brigand on Apr 5, 2022.
             Succumbed to an adder's poison
             ... on level 3 of the Dungeon.
             The game lasted 00:07:16 (1624 turns).

Antichthon the Sneak (Spriggan Brigand)             Turns: 1624, Time: 00:07:17

Health: 0/20       AC:  4    Str:  7    XL:     4   Next: 36%
Magic:  5/5        EV: 17    Int: 12    God:
Gold:   98         SH:  0    Dex: 18    Spells: 3/3 levels left

rFire   . . .      SeeInvis +   a - +2 dagger
rCold   . . .      Faith    .   (no shield)
rNeg    . . .      Spirit   .   B - +0 robe
rPois   .          Reflect  .   (helmet restricted)
rElec   .          Harm     .   C - +1 cloak {rCorr}
rCorr   +          Rampage  .   (gloves unavailable)
Will    .....                   (boots unavailable)
Stlth   ++++......              (no amulet)
HPRegen 0.06/turn               (no ring)
MPRegen 0.09/turn               (no ring)

@: lethally poisoned (0 -> -9), very quick
A: very small, no large weapons, unfitting armour, see invisible, speed 3, frail
1
a: no special abilities


You were on level 3 of the Dungeon.
You visited 1 branch of the dungeon, and saw 3 of its levels.

You collected 98 gold pieces.

Inventory:

Hand Weapons
 a - a +2 dagger (weapon)
Missiles
 d - 6 poisoned darts (quivered)
 e - 3 curare-tipped darts
Armour
 B - a +0 robe (worn)
 C - a +1 cloak of preservation (worn)
Scrolls
 c - a scroll of immolation
 g - a scroll of fog
 j - a scroll of teleportation
Potions
 b - a potion of might
 f - a potion of invisibility
 h - a potion of flight


   Skills:
 + Level 1.8 Fighting
 + Level 2.7 Short Blades
 + Level 2.5 Throwing
 + Level 2.4 Dodging
 + Level 7.6 Stealth


You had 3 spell levels left.
You didn't know any spells.
Your spell library was empty.

Dungeon Overview and Level Annotations

Branches:
Dungeon (3/15)

Altars:


Innate Abilities, Weirdness & Mutations

You are very small and have problems with some larger weapons.
You are too small for most types of armour.
You have supernaturally acute eyesight. (SInv)
You cover ground extremely quickly. (Speed+++)
You are frail. (-10% HP)


Message History

You see here a worm corpse.
e - 2 curare-tipped darts (gained 1)
Found a robe.
e - 3 curare-tipped darts (gained 1)
You see here a +0 cloak.
You see here a +0 robe.
An adder comes into view.
Found 11 gold pieces.
You completely miss the adder. The adder bites you.
You are poisoned.
The adder poisons you!
You hit the adder.
The adder is moderately wounded.
You feel sick. The adder misses you.
You closely miss the adder.
The adder is moderately wounded.
The adder barely misses you.
You barely miss the adder.
The adder is moderately wounded.
You feel sick. The adder misses you.
You barely miss the adder.
The adder is moderately wounded.
You feel sick. The adder bites you.
You are more poisoned.
The adder poisons you! The adder completely misses you.
You closely miss the adder.
The adder is moderately wounded.
You feel sick. The adder bites you.
You are more poisoned.
The adder poisons you!
You miss the adder.
The adder is moderately wounded.
* * * LOW HITPOINT WARNING * * *
You feel sick. The adder bites you.
* * * LOW HITPOINT WARNING * * *
You barely miss the adder.
The adder is moderately wounded.
* * * LOW HITPOINT WARNING * * *
You feel sick. The adder misses you.
You die...

#############
##########
.$....S.@...#
#.........
###########.#
#......... #.#
#......... #.#
#......... #.#
#.......†. #.#
#......... #.#
#......... #.#
#.........
#######.####.....####


You could see an adder.

Vanquished Creatures
  Crazy Yiuf (D:2)
  An adder (D:2)
  A worm (D:3)
  A dart slug (D:1)
  3 orcs (D:3)
  2 ball pythons
  5 endoplasms
  3 giant cockroaches
  3 goblins
  2 hobgoblins (D:1)
  4 jackals (D:2)
  A kobold (D:1)
  2 quokkas (D:2)
  3 bats (D:2)
  2 frilled lizards
  7 rats
41 creatures vanquished.

Notes
Turn   | Place    | Note
-------+----------+-------------------------------------------
     0 | D:1      | Antichthon the Spriggan Brigand began the quest for the
                  | Orb.
     0 | D:1      | Reached XP level 1. HP: 10/10 MP: 2/2
    21 | D:1      | Reached skill level 6 in Stealth
    30 | D:1      | Found a faded altar of an unknown god.
   229 | D:1      | Reached XP level 2. HP: 15/15 MP: 3/3
   609 | D:2      | Gained mutation: You are frail. (-10% HP) [potion of
                  | mutation]
   658 | D:2      | Reached skill level 7 in Stealth
   695 | D:2      | Reached XP level 3. HP: 16/16 MP: 4/4
   921 | D:2      | Found a runed translucent door.
   922 | D:2      | Noticed Crazy Yiuf
   962 | D:2      | Killed Crazy Yiuf
   963 | D:2      | Reached XP level 4. HP: 9/20 MP: 5/5
  1623 | D:3      | HP: 1/20 [poisoned by an adder]
  1624 | D:3      | Succumbed to an adder's poison

Illustrated notes

Levels and vault maps discovered:
D:1:      beargit_arrival_greenhouse, layout_basic,
          shapermc_ecumenical_altar_pompeii
D:2:      layout_rooms, minivault_4, kennysheep_generic_room_6,
          uniq_crazy_yiuf_cottage
D:3:      kennysheep_the_goblin_king, layout_basic, serial_shops,
          nicolae_shop_statue_plus, uniq_sigmund

Skill      XL: |  1  2  3 |
---------------+----------+-----
Stealth        | 6 7 |  7.6
Dodging        | 2 |  2.4
Fighting       | |  1.8
Short Blades   | |  2.7
Throwing       | |  2.5

Action                   |  1- 3 |  4- 6 || total
-------------------------+-------+-------++-------
Melee: Dagger            |    64 |    51 ||   115
Throw: Dart              |    10 |     2 ||    12
  Use: Scroll            |     7 |     1 ||     8
       Potion            |     3 |       ||     3
 Stab: Sleeping          |    15 |     3 ||    18
Armor: Robe              |     5 |     9 ||    14
Dodge: Dodged            |    35 |    48 ||    83

Table legend: (Time is in decaauts)
 A = Elapsed time spent in this place.
 B = Non-inter-level travel time spent in this place.
 C = Inter-level travel time spent in this place.
 D = Time resting spent in this place.
 E = Time spent auto-exploring this place.
 F = Levels seen in this place.
 G = Mean time per level.
                   A        B        C        D        E       F      G
               +--------+--------+--------+--------+--------+-----+--------+
         Total |   1167 |   1145 |     22 |    257 |    475 |   3 |  389.0 |
       Dungeon |   1167 |   1145 |     22 |    257 |    475 |   3 |  389.0 |
               +--------+--------+--------+--------+--------+-----+--------+

Top non-repeatable levels by time:
     D:2: 585 daAuts
     D:1: 357 daAuts
     D:3: 224 daAuts
